Description

Used to take out the third and possibly just kill the zerg. Positioning the liberator on the ramps to keep the queens from engaging is the best way to kill the third.

This particular build variant transitions into mech. If you want to transition into bio off of it, build a tech lab on the barracks while you are attacking and start researching stim.

Build Order

Get SALT Encoding   

  12  0:01  SCV  
  13  0:13  SCV  
  14  0:18  Supply Depot  
  14  0:25  SCV  
  15  0:41  SCV  
  15  0:43  Barracks  
  16  0:46  Refinery  
  16  0:53  SCV  
  18  1:05  SCV  
  18  1:17  SCV  
  19  1:32  Reaper, Orbital Command  
  20  1:41  Command Center  
  20  1:49  Supply Depot  
  20  1:55  Refinery  
  20  1:58  SCV  
  21  2:10  Factory  
  21  2:12  SCV  
  23  2:24  SCV  
  23  2:30  Barracks Reactor  
  23  2:37  SCV  
  24  2:49  SCV  
  25  3:00  Starport  
  26  3:01  SCV  
  26  3:02  Orbital Command  
  26  3:11  Hellion x2  
  26  3:13  Armory  
  26  3:14  SCV  
  31  3:22  Marine, Liberator  
  32  3:26  SCV  
  32  3:29  SCV  
  34  3:32  Hellion  
  34  3:33  Hellion  
  34  3:36  Supply Depot  
  38  3:40  SCV  
  38  3:41  SCV  
  43  3:51  Supply Depot  
  43  3:55  Hellion  
  43  3:56  SCV  
  43  3:58  SCV  
  43  3:59  Hellion  
  49  4:02  Supply Depot  
  49  4:05  Liberator  
  48  4:15  SCV x2  
  48  4:17  Hellion  
  48  4:20  Hellion  
  54  4:26  Supply Depot  
  57  4:30  SCV x2  
  57  4:36  Supply Depot  
  59  4:39  Liberator  
  59  4:40  Hellion  
  59  4:42  Hellion  
  63  4:44  Hellion x4  
  63  4:49  Liberator  
  56  5:01  Command Center  
  56  5:02  Hellion  
  56  5:03  SCV  
  56  5:04  SCV, Hellion  
  65  5:16  Factory  
  65  5:18  Factory  
  65  5:24  Hellion  
  65  5:26  Hellion  
  73  5:54  SCV x2  
  76  5:56  Refinery  
  76  5:58  Barracks Tech Lab, Refinery  
  76  6:01  Command Center  
Spawning Tool Build Advisor. Get it on Overwolf

Go to:

Details

  • Created by: MorN   
  • Published on: Jul 30, 2015
  • Modified on: Nov 12, 2015
  • Patch: Pre-3.8.0
Show
View Real Time Build Order
Export as new Build Order

Comments (0)

There are no comments. Be the first!

Create an account to comment!